 Dungeon Crawl Stone Soup version 0.22-a0-785-g6253c82ace (webtiles) character file.

56 KarmaPolice the Skirmisher (level 3, -3/29 HPs)
             Began as a Demonspawn Abyssal Knight on June 2, 2018.
             Was a Follower of Lugonu.
             Killed by nerve-wracking pain
             ... invoked by Grinder
              (13 damage)
             ... on level 3 of the Dungeon on July 20, 2018.
             The game lasted 00:07:10 (1785 turns).

KarmaPolice the Skirmisher (DsAK)                   Turns: 1785, Time: 00:07:11

Health: -3/29      AC: 11    Str: 18    XL:     3   Next: 71%
Magic:  5/5        EV: 11    Int: 13    God:    Lugonu [*.....]
Gold:   142        SH:  0    Dex: 12    Spells: 2/2 levels left

rFire    . . .     SeeInvis .   a - +1 hand axe
rCold    . . .     Gourm    .   (no shield)
rNeg     . . .     Faith    .   b - +0 leather armour
rPois    .         Spirit   .   (helmet restricted)
rElec    .         Reflect  .   d - +0 cloak
rCorr    .         Harm     .   g - +0 pair of gloves
MR       .....                  (no boots)
Stlth    +.........             (no amulet)
HPRegen  0.09/turn              (no ring)
MPRegen  0.09/turn              (no ring)

@: mighty, sanguine armour
A: horns 1, sanguine armour 1
a: Depart the Abyss, Renounce Religion


You were on level 3 of the Dungeon.
You worshipped Lugonu.
Lugonu was aware of your devotion.
You were not hungry.

You visited 1 branch of the dungeon, and saw 3 of its levels.
You visited the Abyss 1 time.

You collected 142 gold pieces.

Inventory:

Hand Weapons
 a - a +1 hand axe (weapon)
Missiles
 i - 2 javelins (quivered)
Armour
 b - a +0 leather armour (worn)
 d - a +0 cloak (worn)
 g - a +0 pair of gloves (worn)
Jewellery
 e - an uncursed ring of see invisible {unknown}
 k - an uncursed ring of stealth {unknown}
 r - an uncursed amulet of the acrobat {unknown}
Scrolls
 h - a scroll of magic mapping {unknown}
 j - 2 scrolls of fear {unknown}
 n - 2 scrolls of enchant armour {unknown}
 p - a scroll of identify {unknown}
 q - a scroll of fog {unknown}
Potions
 l - a potion of agility {unknown}
 m - a potion of flight {unknown}
 o - a potion of mutation {unknown}
Comestibles
 c - 6 rations
 s - a chunk of flesh


   Skills:
 + Level 3.5 Fighting
 + Level 2.5 Axes
 - Level 0.6 Throwing
 - Level 1.7 Armour
 - Level 0.8 Dodging
 + Level 3.4 Invocations


You had 2 spell levels left.
You didn't know any spells.
Your spell library was empty.

Dungeon Overview and Level Annotations

Branches:
Dungeon (3/15)

Altars:
Cheibriados
Gozag
Nemelex Xobeh
Okawaru
Wu Jian
Zin
The Shining One

Annotations:
D:3 Grinder


Innate Abilities, Weirdness & Mutations

You have a pair of small horns on your head.
When seriously injured, your bleeding wounds create armour. (AC +6)


Message History

Grinder hits you but does no damage. x3
Grinder blinks!
You can move again.
Unknown command.
Grinder gestures at you. Pain shoots through your body!
You slash Grinder!
Grinder is moderately wounded.
Grinder hits you but does no damage.
You closely miss Grinder. You headbutt Grinder.
Grinder is heavily wounded.
Grinder hits you but does no damage.
You slash Grinder! Your headbutt misses Grinder.
Grinder is heavily wounded.
Grinder closely misses you.
You hit Grinder.
Grinder is severely wounded.
Grinder gestures at you. Pain shoots through your body!
You die...

######### ########.
#.......# #........
#####.......####.###
..................>#
#####.......####@#.#
# #.......#[.5.#.# #
#.......#.#..#.# #
#.......# ####.# #
#.......# .# #
#.......# ## #
#.......# # ##### #
#...# .#


You could see Grinder.

Vanquished Creatures
  An adder (D:2)
  A dart slug (D:2)
  2 leopard geckos
  An orc (D:3)
  2 giant cockroaches (D:2)
  4 goblins
  11 hobgoblins
  4 bats
  3 frilled lizards
  5 kobolds
  4 rats
38 creatures vanquished.

Notes
Turn   | Place    | Note
-------+----------+-------------------------------------------
     0 | Abyss:1  | KarmaPolice the Demonspawn Abyssal Knight began the quest for the Orb.
     0 | Abyss:1  | Reached XP level 1. HP: 18/18 MP: 2/2
    55 | Abyss:1  | Noticed a starcursed mass
    56 | D:1      | Escaped the Abyss
    61 | D:1      | Noticed a spriggan
    61 | D:1      | Noticed a ghoul
    63 | D:1      | Noticed an ogre
    63 | D:1      | Noticed a naga
    65 | D:1      | Noticed a centaur
    67 | D:1      | Noticed a gargoyle
    67 | D:1      | Noticed a tengu
    69 | D:1      | Noticed an elf
    69 | D:1      | Noticed an octopode
    71 | D:1      | Noticed a troll
    71 | D:1      | Noticed a human
    73 | D:1      | Noticed a minotaur
    73 | D:1      | Noticed a vampire
    75 | D:1      | Noticed a draconian
    75 | D:1      | Noticed a demigod
    77 | D:1      | Noticed a halfling
    79 | D:1      | Noticed a demonspawn
    79 | D:1      | Noticed a merfolk
    81 | D:1      | Noticed a felid
    81 | D:1      | Noticed a dwarf
    83 | D:1      | Noticed a vine stalker
    83 | D:1      | Noticed a formicid
   121 | D:1      | Reached * piety under Lugonu
   287 | D:1      | Gained mutation: You have a pair of small horns on your head. [demonic ancestry]
   287 | D:1      | Reached XP level 2. HP: 23/24 MP: 4/4
   862 | D:2      | HP: 1/24 [poisoned by an adder]
   864 | D:2      | Gained mutation: When seriously injured, your bleeding wounds create armour. (AC +6) [demonic ancestry]
   864 | D:2      | Reached XP level 3. HP: 14/29 MP: 5/5
  1200 | D:2      | Found a snail-covered altar of Cheibriados.
  1513 | D:2      | Found a glowing silver altar of Zin.
  1570 | D:3      | Upgraded the game from 0.22-a0-445-g8c8ef71062 to 0.22-a0-785-g6253c82ace
  1574 | D:3      | Found an ornate altar of the Wu Jian Council.
  1576 | D:3      | Found a snail-covered altar of Cheibriados.
  1576 | D:3      | Found a glowing golden altar of the Shining One.
  1576 | D:3      | Found a sparkling altar of Nemelex Xobeh.
  1576 | D:3      | Found an opulent altar of Gozag.
  1577 | D:3      | Found an iron altar of Okawaru.
  1769 | D:3      | Noticed Grinder
  1774 | D:3      | Paralysed by Grinder for 7 turns
  1785 | D:3      | Killed from afar by Grinder

Vault maps used:
D:1:      kb_arrival_jail, roderic_lattice_a
D:2:      zin_treasury, kennysheep_slug_shrine
D:3:      grunt_temple_overflow_open, serial_corexii_hall,
          corexii_hall_statues_t, corexii_hall_statues_deadend,
          serial_park_tiny_1, uniq_grinder, uniq_ijyb

Skill      XL: |  1  2 |
---------------+-------+-----
Axes           | 2 |  2.5
Invocations    | 3 |  3.4
Fighting       | |  3.5
Throwing       | |  0.6
Armour         | |  1.7
Dodging        | |  0.8

Action                   || total
-------------------------++-------
Melee: Hand axe          ||   124
       Headbutt          ||    11
Invok: Depart the Abyss  ||     1
  Use: Potion            ||     3
  Eat: Chunk             ||     3
Armor: Leather armour    ||    51
Dodge: Dodged            ||    93

Table legend:
 A = Spawn XP
 B = Non-spawn XP
 C = Spawn XP percentage of total XP
 D = Spawn monster count
 E = Non-spawn monster count
 F = Spawn count percentage of total count
 G = Total turns spent on level
                    A         B        C        D         E        F      G
               +---------+---------+-------+---------+---------+-------+---------
         Total |       0 |      81 |   0.0 |       0 |      38 |   0.0 |  1785
               +---------+---------+-------+---------+---------+-------+---------
           D:1 |       0 |      29 |   0.0 |       0 |      18 |   0.0 |   744
           D:2 |       0 |      39 |   0.0 |       0 |      14 |   0.0 |   731
           D:3 |       0 |      13 |   0.0 |       0 |       6 |   0.0 |   254
               +---------+---------+-------+---------+---------+-------+---------
